 Dungeon Crawl Stone Soup version 0.31-a0-700-gf13585253f (webtiles) character file.

Game seed: 17435551890396243114

67 qw the Shooter (level 4, -14/28 HPs)
             Began as a Gargoyle Hunter on Sept 7, 2023.
             Demolished by Sigmund
             ... wielding a +1 heavy scythe
              (16 damage)
             ... on level 2 of the Dungeon.
             The game lasted 00:00:26 (910 turns).

qw the Shooter (Gargoyle Hunter)                     Turns: 910, Time: 00:00:27

Health: -14/28     AC:  8    Str: 15    XL:     4   Next: 16%
Magic:  4/4        EV: 11    Int:  9    God:
Gold:   110        SH:  0    Dex: 15    Spells: 3/3 levels left

rFire   . . .        Y - +0 shortbow
rCold   . . .        (shield currently unavailable)
rNeg    + . .        m - +0 ring mail
rPois   inf          (no helmet)
rElec   +            (no cloak)
rCorr   .            (no gloves)
SInv    .            (no boots)
Will    .....        (no amulet)
Stlth   +            (no ring)
HPRegen 0.24/turn    (no ring)
MPRegen 0.09/turn

%: no passive effects
@: no status effects
A: sickness immunity, AC +3, negative energy resistance 1, electricity
resistance, torment resistance 1, petrification resistance
a: no special abilities


You were on level 2 of the Dungeon.
You visited 1 branch of the dungeon, and saw 2 of its levels.

You collected 110 gold pieces.


Innate Abilities, Weirdness & Mutations

You are immune to sickness and miasma.
Your stone body is resilient. (AC +3)
You are immune to poison.
You resist negative energy. (rN+)
You are resistant to electric shocks. (rElec)
You are resistant to unholy torment.
You are immune to petrification.


   Skills:
 - Level 3.0 Fighting
 + Level 5.0 Ranged Weapons
 - Level 1.0 Armour
 - Level 1.5 Dodging
 - Level 1.1 Stealth


You had 3 spell levels left.
You didn't know any spells.
Your spell library was empty.

Inventory:

Hand Weapons
 Y - a +0 shortbow (weapon)
Armour
 m - a +0 ring mail (worn)
Jewellery
 a - an amulet of the acrobat
Scrolls
 b - a scroll of torment {unknown}
Potions
 d - a potion of might {unknown}
 j - a potion of cancellation {unknown}
 k - a potion of mutation {unknown}
 l - a potion of degeneration {unknown}

Dungeon Overview and Level Annotations

Branches:
Dungeon (2/15)

Altars:

Annotations:
D:2 Sigmund


Message History

You shoot an arrow. The arrow closely misses Sigmund.
Sigmund casts a spell at you. You resist with some effort.
You shoot an arrow. The arrow closely misses Sigmund.
You shoot an arrow. The arrow hits Sigmund.
Sigmund is lightly wounded.
Sigmund misses you.
You shoot an arrow. The arrow closely misses Sigmund.
A kobold comes into view. It is wielding a +0 dagger.
You shoot an arrow. The arrow barely misses Sigmund.
Sigmund misses you.
You shoot an arrow. The arrow hits Sigmund!
Sigmund is heavily wounded.
Sigmund hits you but does no damage.
You shoot an arrow. The arrow closely misses Sigmund.
The arrow hits the kobold!
You kill the kobold!
You shoot an arrow.
The arrow hits Sigmund but does no damage.
Sigmund is heavily wounded.
Sigmund barely misses you.
You shoot an arrow. The arrow hits Sigmund.
Sigmund is heavily wounded.
A frilled lizard comes into view.
You shoot an arrow. The arrow barely misses Sigmund.
The frilled lizard hisses angrily.
Sigmund hits you from afar with a +1 heavy scythe!
The frilled lizard unfolds its giant frill.
You shoot an arrow. The arrow completely misses Sigmund.
The arrow hits the frilled lizard.
You kill the frilled lizard!
You shoot an arrow. The arrow closely misses Sigmund.
Sigmund hits you from afar with a +1 heavy scythe!
Ouch! That really hurt!
A hobgoblin comes into view.
You shoot an arrow. The arrow closely misses Sigmund.
The hobgoblin shouts!
Sigmund hits you from afar with a +1 heavy scythe!
Ouch! That really hurt!
You die...
Sigmund begins carving another notch in his scythe.

#.. ..>. ########.####.#
######........##...##
#........##.........#
#........##.........#
.........#.......>..####
#.......................
#.......................
#).....@.#######%###.<..
#........# #.#####..
.g#.#@..## ###.......#
#...#.. ##.....###.#
#...... .....##..###[#
.).#..#######...#...#.#
.#....# ###..##.... .. .
## ####......#
..##......##.#


You could see Sigmund and a hobgoblin.

Vanquished Creatures
  3 adders (D:2)
  2 worms (D:2)
  A dart slug (D:1)
  3 endoplasms (D:1)
  3 giant cockroaches
  5 goblins
  3 hobgoblins
  2 quokkas (D:1)
  A bat (D:2)
  2 frilled lizards
  2 kobolds
  5 rats
32 creatures vanquished.

Notes
Turn   | Place    | Note
-------+----------+-------------------------------------------
     0 | D:1      | qw the Gargoyle Hunter began the quest for the Orb.
     0 | D:1      | Reached XP level 1. HP: 12/12 MP: 1/1
     0 | D:1      | 0 ||| qw: Version: 0.3-a-76-g4403597
     0 | D:1      | 0 ||| qw: Game counter: 680
     0 | D:1      | 0 ||| qw: Melee chars always use a shield: true
     0 | D:1      | 0 ||| qw: God list: Okawaru
     0 | D:1      | 0 ||| qw: Allow faded altars: false
     0 | D:1      | 0 ||| qw: Do Orc after clearing Dungeon:15 true
     0 | D:1      | 0 ||| qw: Do second Lair branch before Depths: true
     0 | D:1      | 0 ||| qw: Lair rune preference: random
     0 | D:1      | 0 ||| qw: Goals: Normal
     0 | D:1      | 0 ||| PLANNING D:1-11
    82 | D:1      | Reached XP level 2. HP: 17/17 MP: 2/2
   668 | D:1      | 668 ||| UPGRADING to +0 ring mail.
   678 | D:1      | 678 ||| DROPPING +0 leather armour.
   679 | D:1      | 679 ||| READING scroll labelled JILOLU GAASU.
   680 | D:1      | 680 ||| READING scroll labelled EVILOAHUOBB.
   681 | D:1      | 681 ||| READING 2 scrolls labelled KIK JOIPUBUPT.
   682 | D:1      | 682 ||| READING scroll labelled NERUWU PY YMU.
   683 | D:1      | 683 ||| READING scroll labelled BUN IHUXYGUKLEM.
   684 | D:1      | 684 ||| DROPPING scroll of butterflies.
   685 | D:1      | 685 ||| DROPPING scroll of fog.
   717 | D:2      | Reached XP level 3. HP: 21/21 MP: 3/3
   783 | D:2      | Reached skill level 1 in Armour
   794 | D:2      | Reached skill level 5 in Ranged Weapons
   868 | D:2      | Reached skill level 3 in Fighting
   868 | D:2      | Reached XP level 4. HP: 22/28 MP: 4/4
   894 | D:2      | Noticed Sigmund
   909 | D:2      | HP: 2/28 [Sigmund/+1 heavy scythe (17)]
   910 | D:2      | Demolished by Sigmund

Levels and vault maps discovered:
D:1:      minmay_arrival_jagged, layout_basic
D:2:      layout_rooms, basic_altar, uniq_sigmund, uniq_jessica,
          uniq_crazy_yiuf_cottage

Skill      XL: |  1  2  3 |
---------------+----------+-----
Armour         | 1 |  1.0
Ranged Weapons | 5 |  5.0
Fighting       | 3 |  3.0
Dodging        | |  1.5
Stealth        | |  1.1

Action                     |  1- 3 |  4- 6 || total
---------------------------+-------+-------++-------
   Fire: Shortbow          |    99 |    16 ||   115
    Use: Scroll            |     5 |       ||     5
 Armour: Leather armour    |     6 |       ||     6
         Ring mail         |    20 |     4 ||    24
  Dodge: Dodged            |    20 |     4 ||    24

Table legend:
 A = Non-vault XP
 B = Vault XP
 C = Vault XP percentage of total XP
 D = Non-vault monster count
 E = Vault monster count
 F = Vault count percentage of total count
                 A         B        C        D         E       F
            +---------+---------+-------+---------+---------+-------
      Total |      96 |       0 |   0.0 |      32 |       0 |   0.0
            +---------+---------+-------+---------+---------+-------
        D:1 |      33 |       0 |   0.0 |      18 |       0 |   0.0
        D:2 |      63 |       0 |   0.0 |      14 |       0 |   0.0
            +---------+---------+-------+---------+---------+-------
